 Dungeon Crawl Stone Soup version 0.27.1-1-g398f81649c (webtiles) character file.

Game seed: 10859509523099779112

188 Kinoniko the Cudgeller (level 5, -1/32 HPs)
             Began as a Gargoyle Berserker on Sept 9, 2021.
             Was a Believer of Trog.
             Slain by Robin (5 damage)
             ... on level 1 of the Dungeon.
             The game lasted 00:01:04 (1501 turns).

Kinoniko the Cudgeller (Gargoyle Berserker)         Turns: 1501, Time: 00:01:05

Health: -1/32      AC:  9    Str: 21    XL:     5   Next: 67%
Magic:  5/5        EV: 11    Int:  8    God:    Trog [**....]
Gold:   15         SH:  0    Dex:  9    Spells: 4/4 levels left

rFire    . . .     SeeInvis .   a - +0 mace
rCold    . . .     Faith    .   (no shield)
rNeg     + . .     Spirit   .   g - +0 ring mail
rPois    ∞         Reflect  .   (no helmet)
rElec    +         Harm     .   (no cloak)
rCorr    +         Rampage  .   (no gloves)
Will     .....                  (no boots)
Stlth    ..........             (no amulet)
HPRegen  0.10/turn              e - ring of resist corrosion
MPRegen  0.09/turn              i - ring of flight

@: on berserk cooldown, attractive, flying, slowed, very slow
A: sickness immunity, AC +4, negative energy resistance 1, electricity
resistance, torment resistance 1, petrification resistance
a: Renounce Religion, Berserk, Trog's Hand


You were on level 1 of the Dungeon.
You worshipped Trog.
Trog was pleased with you.
You visited 1 branch of the dungeon, and saw 2 of its levels.

You collected 15 gold pieces.

Inventory:

Hand Weapons
 a - a +0 mace (weapon)
Armour
 b - a +0 animal skin
 g - a +0 ring mail (worn)
Jewellery
 e - a ring of resist corrosion (left hand)
 i - a ring of flight (right hand)
Scrolls
 c - 2 scrolls of teleportation {unknown}
 h - a scroll of vulnerability {unknown}
Potions
 d - a potion of curing {unknown}


   Skills:
 - Level 3.2 Fighting
 * Level 6.2 Maces & Flails
 - Level 2.1 Armour
 - Level 1.5 Dodging


You had 4 spell levels left.
You didn't know any spells.
Your spell library was empty.

Dungeon Overview and Level Annotations

Branches:
Dungeon (2/15)

Altars:

Shops:
D:1 !

Annotations:
D:1 Robin


Innate Abilities, Weirdness & Mutations

You are immune to sickness and miasma.
Your stone body is resilient. (AC +4)
You are immune to poison.
You resist negative energy. (rN+)
You are resistant to electric shocks. (rElec)
You are resistant to unholy torment.
You are immune to petrification.


Message History

You completely miss Robin.
Robin is severely wounded.
The goblin completely misses you. The hobgoblin hits you.
The goblin closely misses you. Robin misses you.
The goblin hits you but does no damage. The hobgoblin misses you.
The goblin hits you with a +0 club. Robin throws the goblin at you!
The goblin hits you but does no damage.
You hit the hobgoblin.
You kill the hobgoblin!
Trog accepts your kill. The goblin hits you but does no damage.
The goblin completely misses you. Robin hits you but does no damage.
The goblin barely misses you.
The goblin hits you but does no damage. x2; The goblin hits you with a +0 club.
Robin roars a battlecry!
The hobgoblin goes into a battle-frenzy!
There is a stone staircase leading up, spattered with blood here.
Items here: )) [ †.
Unknown command.
The goblin hits you with a +0 club.
* * * LOW HITPOINT WARNING * * *
The goblin barely misses you. The goblin closely misses you.
The goblin hits you but does no damage. Robin throws the goblin at you!
The goblin barely misses you.
You fly upwards.
There is a stone staircase leading down here.
Unknown command.
You hit Robin but do no damage.
Robin is severely wounded.
The goblin hits you with a +0 club.
* * * LOW HITPOINT WARNING * * *
The goblin barely misses you. The goblin hits you with a +0 dagger.
* * * LOW HITPOINT WARNING * * *
The goblin closely misses you. The goblin barely misses you.
The goblin misses you. The goblin hits you but does no damage.
Unknown command.
Okay, then.
It was a potion of attraction.
You feel attractive to monsters. The goblin hits you but does no damage.
Robin hits you with a +0 falchion.
You die...

#......... ### ### ###
#.########
###8###⌠###8###.# #.....
#.............#.# #.....
#...............# #.....
#.............#.###.....
#.#8###⌠###8#....##.....
#.###########...........
#.####g@g......##...##..
#.....ggg.....)#8...8#..
######.........##...##..
#.........##...##..
#.........##...##..
#........>#8...8#.#
###.########...####
#.#8###8##...##8#
#...†............


You could see Robin and 4 goblins.

Vanquished Creatures
  Sigmund (D:2)
  A dart slug (D:1)
  5 ball pythons (D:1)
  An endoplasm (D:1)
  3 hobgoblins
  4 jackals (D:1)
  2 quokkas (D:1)
  3 bats (D:1)
  A frilled lizard (D:1)
  5 goblins
  2 rats (D:1)
28 creatures vanquished.

Notes
Turn   | Place    | Note
-------+----------+-------------------------------------------
     0 | D:1      | Kinoniko the Gargoyle Berserker began the quest for the
                  | Orb.
     0 | D:1      | Reached XP level 1. HP: 14/14 MP: 1/1
   505 | D:1      | Reached XP level 2. HP: 18/19 MP: 2/2
   613 | D:1      | Found Usoobuz's Distillery.
   852 | D:1      | Reached skill level 4 in Maces & Flails
  1146 | D:1      | Reached XP level 3. HP: 23/23 MP: 3/3
  1479 | D:2      | Noticed Sigmund
  1481 | D:2      | Noticed Robin
  1488 | D:2      | Killed Sigmund
  1488 | D:2      | Reached ** piety under Trog
  1489 | D:2      | Reached skill level 6 in Maces & Flails
  1489 | D:2      | Reached XP level 4. HP: 28/28 MP: 4/4
  1489 | D:2      | Reached XP level 5. HP: 32/32 MP: 5/5
  1501 | D:1      | Slain by Robin

Illustrated notes

Levels and vault maps discovered:
D:1:      shiori_arrival_maze, layout_basic, serial_corexii_hall,
          chequers_hall_statues_wall_a, corexii_hall_statues_x,
          corexii_hall_statues_s, corexii_hall_statues_i,
          corexii_hall_statues_t, chequers_hall_statues_corner_a, serial_shops,
          shop
D:2:      layout_basic, serial_co_window_serial, co_window_corner_a,
          co_window_paths_b, co_window_paths_a, co_window_of_opportunity_a,
          co_window_paths_b, co_window_of_opportunity_a, co_window_paths_c,
          co_window_2corner, co_window_of_opportunity_c,
          co_window_of_opportunity_b, glass_columns_a, glass_columns_a,
          glass_columns_a, shapermc_ecumenical_altar_petra, uniq_sigmund,
          uniq_robin

Skill      XL: |  1  2  3 |
---------------+----------+-----
Maces & Flails | 4 6 |  6.2
Fighting       | |  3.2
Armour         | |  2.1
Dodging        | |  1.5

Action                   |  1- 3 |  4- 6 || total
-------------------------+-------+-------++-------
Melee: Mace              |    85 |     9 ||    94
Invok: Berserk           |     3 |       ||     3
  Use: Potion            |       |     1 ||     1
Armor: Animal skin       |    45 |       ||    45
       Ring mail         |    10 |    15 ||    25
Dodge: Dodged            |    67 |    18 ||    85
